 Dungeon Crawl Stone Soup version 0.29-a0-11-ga75d3d97ab (webtiles) character file.

Game seed: 8982378421085361708

72 enile the Sneak (level 4, -7/35 HPs)
             Began as a Vampire Brigand on Jan 28, 2022.
             Was a Plaything of Xom.
             Mangled by a river rat (9 damage)
             ... in a sewer.
             The game lasted 00:03:17 (1231 turns).

enile the Sneak (Vampire Brigand)                   Turns: 1231, Time: 00:03:18

Health: -7/35      AC:  3    Str: 12    XL:     4   Next: 6%
Magic:  4/4        EV: 12    Int: 13    God:    Xom [..*...]
Gold:   56         SH:  0    Dex: 15    Spells: 3/3 levels left

rFire   . . .      SeeInvis +   h - +2 dagger (venom)
rCold   . . .      Faith    .   (no shield)
rNeg    . . .      Spirit   .   b - +0 robe
rPois   .          Reflect  .   (no helmet)
rElec   .          Harm     .   c - +0 cloak
rCorr   .          Rampage  .   (no gloves)
Will    .....                   (no boots)
Stlth   +++.......              (no amulet)
HPRegen 0.31/turn               (no ring)
MPRegen 0.09/turn               (no ring)

@: mighty, healing quickly
A: alive, fangs 3, see invisible, vampiric 2
a: Exsanguinate, Renounce Religion


You were in a sewer.
You worshipped Xom.
You were a toy of Xom.
You visited 1 branch of the dungeon, and saw 4 of its levels.
You also visited: Sewer.

You collected 56 gold pieces.

Inventory:

Hand Weapons
 a - a +2 dagger
 h - a +2 dagger of venom (weapon)
Missiles
 d - 7 poisoned darts (quivered)
 e - 2 curare-tipped darts
Armour
 b - a +0 robe (worn)
 c - a +0 cloak (worn)
Scrolls
 f - a scroll of enchant weapon {unknown}


   Skills:
 - Level 3.0 Fighting
 + Level 3.7 Short Blades
 - Level 1.5 Throwing
 - Level 1.1 Dodging
 - Level 6.0 Stealth


You had 3 spell levels left.
You didn't know any spells.
Your spell library was empty.

Dungeon Overview and Level Annotations

Branches:
Dungeon (4/15)              Sewer (1/1)
 Temple: D:4-7

Altars:
Xom


Innate Abilities, Weirdness & Mutations

Your natural rate of healing is accelerated.
You have razor-sharp teeth.
You have supernaturally acute eyesight. (SInv)
You are afflicted with vampirism and can become a bat while bloodless.


Message History

Found a gate leading back out of this place.
There is an empty arch of ancient stone here.
There are monsters nearby!
There are monsters nearby!
There are monsters nearby!
There are monsters nearby!
The rat barely misses you.
You hit the rat.
The rat is poisoned.
The rat is heavily wounded.
You kill the rat!
You enter the shallow water.
Moving in this stuff is going to be slow.
A river rat comes into view.
The river rat barely misses you.
You closely miss the river rat. You bite the river rat.
The river rat is lightly wounded.
The river rat bites you but does no damage.
You hit the river rat. Your bite misses the river rat.
The river rat is heavily wounded.
The river rat closely misses you.
You closely miss the river rat.
The river rat is heavily wounded.
You hit the river rat but do no damage.
The river rat is heavily wounded.
The river rat bites you!
You barely miss the river rat.
The river rat is heavily wounded.
The river rat bites you!
* * * LOW HITPOINT WARNING * * *
You completely miss the river rat.
The river rat is heavily wounded.
The river rat bites you.
* * * LOW HITPOINT WARNING * * *
The rat splashes around in the water.
Okay, then.
It was a potion of might.
You feel very mighty all of a sudden.
Xom roars with laughter!
The river rat bites you!
You die...

## ..# . ≈..# ..
#.≈≈# r.≈#
###.≈≈#
≈.≈≈≈#####..≈..#
#.≈.≈≈∩r@r≈≈#
##≈≈≈∩r≈.###
#########


You could see 2 river rats and a rat.

Vanquished Creatures
  An adder (D:3)
  A river rat (D:3)
  2 worms
  A dart slug (D:1)
  5 endoplasms
  3 giant cockroaches
  A goblin (D:1)
  4 hobgoblins
  5 kobolds
  3 quokkas
  2 ball pythons (D:1)
  6 bats (D:1)
  5 frilled lizards
  5 rats
44 creatures vanquished.

Notes
Turn   | Place    | Note
-------+----------+-------------------------------------------
     0 | D:1      | enile the Vampire Brigand began the quest for the Orb.
     0 | D:1      | Reached XP level 1. HP: 16/16 MP: 1/1
    98 | D:1      | Reached XP level 2. HP: 22/22 MP: 2/2
   124 | D:1      | Found a faded altar of an unknown god.
   229 | D:1      | Prayed at the altar of an unknown god.
   229 | D:1      | Became a worshipper of Xom of Chaos
   493 | D:1      | Gained mutation: You are afflicted with vampirism and can
                  | become a bat while bloodless. [Vampire growth]
   493 | D:1      | Reached XP level 3. HP: 28/28 MP: 3/3
   896 | D:2      | You fall into a shaft and drop 2 floors!
   905 | D:4      | XOM: cloud trail
  1054 | D:3      | Reached skill level 6 in Stealth
  1182 | D:3      | XOM: noise
  1196 | D:3      | Found a glowing drain.
  1207 | D:3      | Reached XP level 4. HP: 13/35 MP: 4/4
  1211 | Sewer    | Entered a sewer
  1231 | Sewer    | Mangled by a river rat

Illustrated notes

Levels and vault maps discovered:
D:1:      scummos_arrival_forest, layout_loops_cross,
          shapermc_ecumenical_altar_gd, fountainhead,
          hangedman_decor_diamond_cutter, chequers_serial_rivers_small_b
D:2:      layout_loops_ring, basic_altar
D:3:      layout_loops_cross, gup_sewer_entry_bubbles, grunt_ministairs_3,
          hangedman_decor_push, minmay_misc_feat_encased
D:4:      minmay_octagon_keep, layout_loops_ring,
          mainiacjoe_overflow_tiny_flanked, minmay_temple_entry_fiery,
          kennysheep_big_empty_room
Sewer:    sewer_hellmonk_bad_rat

Skill      XL: |  1  2  3 |
---------------+----------+-----
Fighting       | 2 3 |  3.0
Short Blades   | 3 |  3.7
Stealth        | 6 |  6.0
Throwing       | |  1.5
Dodging        | |  1.1

Action                   |  1- 3 |  4- 6 || total
-------------------------+-------+-------++-------
Melee: Dagger            |   108 |     7 ||   115
       Bite              |    10 |     1 ||    11
       Punch             |     3 |       ||     3
Throw: Dart              |     1 |       ||     1
  Use: Potion            |       |     1 ||     1
 Stab: Sleeping          |    15 |       ||    15
Armor: Robe              |    13 |     1 ||    14
Dodge: Dodged            |    39 |     3 ||    42

Table legend: (Time is in decaauts)
 A = Elapsed time spent in this place.
 B = Non-inter-level travel time spent in this place.
 C = Inter-level travel time spent in this place.
 D = Time resting spent in this place.
 E = Time spent auto-exploring this place.
 F = Levels seen in this place.
 G = Mean time per level.
                   A        B        C        D        E       F      G
               +--------+--------+--------+--------+--------+-----+--------+
         Total |   1234 |   1141 |     93 |      0 |    659 |   5 |  246.8 |
       Dungeon |   1214 |   1121 |     93 |      0 |    659 |   4 |  303.5 |
         Sewer |     20 |     20 |      0 |      0 |      0 |   1 |   20.0 |
               +--------+--------+--------+--------+--------+-----+--------+

Top non-repeatable levels by time:
     D:1: 744 daAuts
     D:3: 292 daAuts
     D:2: 145 daAuts
     D:4: 31 daAuts
   Sewer: 20 daAuts
